Panthers vs Devils

Created - May 1, 2021 at 21:12

Goals
1 2 3 T
Panthers 0 1 2 3
Devils 1 0 1 2
Shots
1 2 3 T
Panthers 3 13 15 31
Devils 12 5 12 29

1st period

1. Devils , Marian Gaborik 48 (Tyler Ennis 59, Nazem Kadri 75) at 19:02 (PP)

Penalties :
Raphael Diaz (Flo) for Boarding (Minor) at 14:31, Erik Gudbranson (Flo) for Hooking (Minor) at 18:10

2nd period

2. Panthers , Travis Zajac 32 (David Booth 19, Jakob Silfverberg 37) at 6:18

Penalties :
Alex Galchenyuk (Flo) for Hooking (Minor) at 6:23, Viktor Arvidsson (Flo) for Interference (Minor) at 11:00, David Booth (Flo) for Tripping (Minor) at 16:04

3rd period

3. Panthers , Matt Duchene 30 (Alex Galchenyuk 47, Alex Goligoski 30) at 0:47
4. Devils , Jamie Arniel 18 (Josh Gorges 15, Michael Del Zotto 20) at 3:26
5. Panthers , Max Reinhart 11 (Chad Larose 6, Erik Gudbranson 33) at 16:30

Penalties :
Nazem Kadri (NJD) for Interference (Minor) at 0:11, Jakob Silfverberg (Flo) for Roughing (Minor) at 0:29, Nazem Kadri (NJD) for Holding Stick (Minor) at 8:15

Goalie Stats

Brian Elliott (Flo), 27 saves from 29 shots - (0.931), W, 21-18-2, 60:00 minutes
Maxime Daigneault (NJD), 28 saves from 31 shots - (0.903), L, 40-19-8, 58:40 minutes

Players Stats for Panthers

Player Name              G  A  P  +/- PIM S  H  SB GA TA FO     MP     PP MP  PK MP  
------------------------------------------------------------------------------------
Alex Galchenyuk          0  1  1   0  2   4  1  0  0  1  0/0    18:49   0:36   0:26 
Alex Goligoski           0  1  1   2  0   3  2  1  1  2  0/0    26:44   1:40   4:28 
Chad Larose              0  1  1   1  0   1  2  0  0  0  1/1    14:11   0:28   3:25 
David Booth              0  1  1   1  2   1  1  1  0  0  0/0    14:02   1:08   0:03 
Drew Stafford            0  0  0   1  0   4  0  1  0  0  0/0    17:31   0:57   5:23 
Erik Gudbranson          0  1  1   2  2   2  2  2  1  1  0/0    26:16   1:40   4:56 
Jakob Silfverberg        0  1  1   1  2   2  1  0  3  0  0/0    13:31   1:08   0:00 
Jonathan Sigalet         0  0  0   0  0   0  1  0  0  0  0/0    10:41   0:00   0:00 
Kyle Wellwood            0  0  0   0  0   1  2  0  0  0  0/1     7:26   0:00   0:00 
Matt Duchene             1  0  1   0  0   2  0  0  0  0  17/27  18:59   0:38   0:22 
Max Reinhart             1  0  1   1  0   1  0  0  0  0  5/16   16:52   0:28   5:46 
Michael Raffl            0  0  0   0  0   0  2  0  0  0  0/0     7:26   0:00   0:00 
Radko Gudas              0  0  0   0  0   2  2  1  1  0  0/0    21:10   0:00   3:18 
Raphael Diaz             0  0  0   0  2   0  2  1  0  0  0/0    11:43   0:37   0:00 
Stefan Ruzicka           0  0  0   0  0   0  0  0  1  0  0/0     7:26   0:00   0:00 
Taylor Chorney           0  0  0   0  0   3  0  2  0  0  0/0    23:27   0:37   5:30 
Travis Zajac             1  0  1   1  0   1  0  0  1  0  7/12   16:09   1:08   2:47 
Viktor Arvidsson         0  0  0  -1  2   4  0  1  0  0  1/1    16:44   0:19   0:00 

Players Stats for Devils

Player Name              G  A  P  +/- PIM S  H  SB GA TA FO     MP     PP MP  PK MP  
------------------------------------------------------------------------------------
Anton Stralman           0  0  0  -3  0   1  5  3  0  2  0/0    25:59   5:54   1:16 
Brad Richards            0  0  0  -2  0   0  1  1  0  0  3/7    11:39   0:03   0:24 
Brad Richardson          0  0  0   0  0   1  2  1  0  0  0/0     9:33   0:03   0:00 
Chris Stewart            0  0  0   1  0   2  1  0  0  0  0/0    15:36   4:12   0:00 
Eric Tangradi            0  0  0   0  0   1  0  0  0  2  0/0    10:38   0:18   0:03 
Jamie Arniel             1  0  1   1  0   1  0  1  0  0  6/11   15:56   4:12   0:20 
Josh Gorges              0  1  1   1  0   1  1  1  1  0  0/0    20:12   3:12   1:01 
Kristopher Letang        0  0  0  -3  0   1  1  3  0  1  0/0    25:59   5:54   1:16 
Marian Gaborik           1  0  1  -1  0   9  1  0  0  0  1/3    19:51   4:33   0:00 
Martin Samuelsson        0  0  0  -1  0   0  0  0  0  0  0/3    12:02   0:00   1:33 
Matt Donovan             0  0  0   0  0   0  2  1  0  0  0/0    13:49   0:00   0:00 
Michael Del Zotto        0  1  1   1  0   1  1  4  1  2  0/0    20:12   3:12   1:01 
Nazem Kadri              0  1  1  -1  4   4  1  0  0  1  17/31  20:53   4:51   0:00 
Nick Bonino              0  0  0   0  0   3  0  0  1  0  0/2     9:11   0:00   0:00 
Patrick Kaleta           0  0  0  -1  0   2  0  0  0  0  0/1    13:24   0:21   1:33 
Thomas Hickey            0  0  0   0  0   0  0  3  0  0  0/0    13:49   0:00   0:00 
Tyler Ennis              0  1  1  -2  0   1  0  0  1  0  0/0    21:00   4:33   0:00 
Zach Parise              0  0  0   1  0   1  2  0  0  0  0/0    16:17   4:12   0:41 

3 Stars

1 - Alex Goligoski (Flo)
2 - Max Reinhart (Flo)
3 - Travis Zajac (Flo)

Power Play

Panthers - 0 on 2 Attempt(s) - 0.00%
Devils - 1 on 6 Attempt(s) - 16.67%

Penalty Kill

Panthers - 5 on 6 Attempt(s) - 83.33% - Score 0 goal in Penalty Kill
Devils - 2 on 2 Attempt(s) - 100.00% - Score 0 goal in Penalty Kill

Team Stat

Panthers - Hits : 18 - Faceoff Wins : 31 - Blocked Shots : 10 - Penalty Minutes : 12
Devils - Hits : 18 - Faceoff Wins : 27 - Blocked Shots : 18 - Penalty Minutes : 4

Official

Referees : Unknown
Linesman : Unknown

Game Notes

No Game Note

Finance

Level 1 -- Attendance: 6000 (100.00%) -- Ticket Income $630,000
Level 2 -- Attendance: 4710 (94.20%) -- Ticket Income $306,150
Level 3 -- Attendance: 1966 (98.30%) -- Ticket Income $78,640
Level 4 -- Attendance: 3849 (96.23%) -- Ticket Income $107,772
Luxury Box -- Attendance: 1000 (100.00%) -- Ticket Income $180,000
Game was played at the The Pack Center.
Total Attendance: 17525 (97.36%)
Total Ticket Income: $1,302,562
Other Income: $195,384
Total Income: $1,497,946

Panthers

5 vs 5 Forward 
   Center                   Left Wing                Right Wing               Time % Phy DF OF 
 1 Matt Duchene             Alex Galchenyuk          Viktor Arvidsson         40     1   2  2  
 2 Travis Zajac             David Booth              Jakob Silfverberg        30     1   2  2  
 3 Max Reinhart             Chad Larose              Drew Stafford            20     1   2  2  
 4 Kyle Wellwood            Michael Raffl            Stefan Ruzicka           10     1   2  2  

5 vs 5 Defense 
   Defense                  Defense                                           Time % Phy DF OF 
 1 Erik Gudbranson          Alex Goligoski                                    40     1   2  2  
 2 Taylor Chorney           Radko Gudas                                       30     1   2  2  
 3 Raphael Diaz             Jonathan Sigalet                                  20     1   2  2  
 4 Erik Gudbranson          Alex Goligoski                                    10     1   2  2  

PowerPlay Forward 
   Center                   Left Wing                Right Wing               Time % Phy DF OF 
 1 Matt Duchene             Alex Galchenyuk          Jakob Silfverberg        60     0   1  4  
 2 Travis Zajac             David Booth              Viktor Arvidsson         40     0   1  4  

PowerPlay Defense
   Defense                  Defense                                           Time % Phy DF OF 
 1 Erik Gudbranson          Alex Goligoski                                    60     0   2  3  
 2 Raphael Diaz             Taylor Chorney                                    40     0   2  3  

Penalty Kill 4 Players Forward 
   Center                   Wing                     Time % Phy DF OF 
 1 Max Reinhart             Drew Stafford            60     1   3  1  
 2 Travis Zajac             Chad Larose              40     1   3  1  

Penalty Kill 4 Players Defense
   Defense                  Defense                  Time % Phy DF OF 
 1 Erik Gudbranson          Taylor Chorney           60     1   3  1  
 2 Alex Goligoski           Radko Gudas              40     1   3  1  

Penalty Kill - 3 Players Forward 
   Forward                                           Time % Phy DF OF 
 1 Drew Stafford                                     60     1   3  1  
 2 Max Reinhart                                      40     1   3  1  

Penalty Kill - 3 Players Defense
   Defense                  Defense                  Time % Phy DF OF 
 1 Erik Gudbranson          Taylor Chorney           60     1   3  1  
 2 Alex Goligoski           Radko Gudas              40     1   3  1  

4 vs 4 Forward 
   Center                   Wing                     Time % Phy DF OF 
 1 Matt Duchene             Alex Galchenyuk          60     1   2  2  
 2 Travis Zajac             Jakob Silfverberg        40     1   2  2  

4 vs 4 Defense
   Defense                  Defense                  Time % Phy DF OF 
 1 Erik Gudbranson          Alex Goligoski           60     1   2  2  
 2 Taylor Chorney           Radko Gudas              40     1   2  2  

Last Minutes Offensive
   Center                   Left Wing                Right Wing               Defense                  Defense                  
   Matt Duchene             Alex Galchenyuk          Viktor Arvidsson         Erik Gudbranson          Alex Goligoski           

Last Minutes Defensive
   Center                   Left Wing                Right Wing               Defense                  Defense                  
   Max Reinhart             David Booth              Drew Stafford            Erik Gudbranson          Taylor Chorney           

Goaltenders
Starting : Brian Elliott            
Backup : Petr Mrazek              

Extra Forwards
Normal : Max Reinhart, Alex Galchenyuk, Matt Duchene - PP : Drew Stafford, Alex Galchenyuk - PK : Chad Larose
Extra Defensemen
Normal : Radko Gudas, Erik Gudbranson, Alex Goligoski - PP : Radko Gudas - PK : Alex Goligoski, Erik Gudbranson
Penalty Shots
Jakob Silfverberg, Viktor Arvidsson, Alex Galchenyuk, Kyle Wellwood, David Booth

Scratches
None

Devils

5 vs 5 Forward 
   Center                   Left Wing                Right Wing               Time % Phy DF OF 
 1 Nazem Kadri              Tyler Ennis              Marian Gaborik           40     0   2  3  
 2 Jamie Arniel             Zach Parise              Chris Stewart            30     0   2  3  
 3 Brad Richards            Martin Samuelsson        Patrick Kaleta           20     0   2  3  
 4 Nick Bonino              Eric Tangradi            Brad Richardson          10     0   2  3  

5 vs 5 Defense 
   Defense                  Defense                                           Time % Phy DF OF 
 1 Kristopher Letang        Anton Stralman                                    44     0   3  2  
 2 Michael Del Zotto        Josh Gorges                                       32     0   3  2  
 3 Thomas Hickey            Matt Donovan                                      24     0   3  2  
 4 Kristopher Letang        Anton Stralman                                    0      0   3  2  

PowerPlay Forward 
   Center                   Left Wing                Right Wing               Time % Phy DF OF 
 1 Nazem Kadri              Tyler Ennis              Marian Gaborik           60     1   0  4  
 2 Jamie Arniel             Zach Parise              Chris Stewart            40     1   0  4  

PowerPlay Defense
   Defense                  Defense                                           Time % Phy DF OF 
 1 Kristopher Letang        Anton Stralman                                    60     0   3  2  
 2 Michael Del Zotto        Josh Gorges                                       40     0   3  2  

Penalty Kill 4 Players Forward 
   Center                   Wing                     Time % Phy DF OF 
 1 Martin Samuelsson        Patrick Kaleta           60     1   3  1  
 2 Jamie Arniel             Zach Parise              40     1   3  1  

Penalty Kill 4 Players Defense
   Defense                  Defense                  Time % Phy DF OF 
 1 Kristopher Letang        Anton Stralman           50     1   4  0  
 2 Michael Del Zotto        Josh Gorges              50     1   4  0  

Penalty Kill - 3 Players Forward 
   Forward                                           Time % Phy DF OF 
 1 Zach Parise                                       60     1   3  1  
 2 Tyler Ennis                                       40     1   2  2  

Penalty Kill - 3 Players Defense
   Defense                  Defense                  Time % Phy DF OF 
 1 Kristopher Letang        Anton Stralman           60     1   4  0  
 2 Michael Del Zotto        Josh Gorges              40     1   4  0  

4 vs 4 Forward 
   Center                   Wing                     Time % Phy DF OF 
 1 Nazem Kadri              Tyler Ennis              60     0   2  3  
 2 Brad Richards            Zach Parise              40     0   2  3  

4 vs 4 Defense
   Defense                  Defense                  Time % Phy DF OF 
 1 Kristopher Letang        Anton Stralman           60     0   3  2  
 2 Michael Del Zotto        Josh Gorges              40     0   3  2  

Last Minutes Offensive
   Center                   Left Wing                Right Wing               Defense                  Defense                  
   Nazem Kadri              Tyler Ennis              Marian Gaborik           Kristopher Letang        Michael Del Zotto        

Last Minutes Defensive
   Center                   Left Wing                Right Wing               Defense                  Defense                  
   Brad Richards            Tyler Ennis              Marian Gaborik           Kristopher Letang        Anton Stralman           

Goaltenders
Starting : Maxime Daigneault        
Backup : Thomas McCollum          

Extra Forwards
Normal : Brad Richards, Patrick Kaleta, Martin Samuelsson - PP : Brad Richards, Patrick Kaleta - PK : Martin Samuelsson
Extra Defensemen
Normal : Thomas Hickey, Matt Donovan, Michael Del Zotto - PP : Thomas Hickey - PK : Matt Donovan, Michael Del Zotto
Penalty Shots
Marian Gaborik, Tyler Ennis, Nazem Kadri, Zach Parise, Jamie Arniel

Scratches
Mike Weber (Healthy)

% Time on Ice - Panthers

Lines # - Real PCT - Wanted PCT - Time Play
Normal Forward
1 - 38% - 40% - 17:36
2 - 26% - 30% - 11:50
3 - 20% - 20% - 9:12
4 - 16% - 10% - 7:26
Normal Defense
1 - 38% - 40% - 17:34
2 - 36% - 30% - 16:31
3 - 23% - 20% - 10:41
4 - 3% - 10% - 1:18
PP Forward
1 - 50% - 60% - 1:09
2 - 50% - 40% - 1:08
PP Defense
1 - 73% - 60% - 1:40
2 - 27% - 40% - 0:37
PK Forward
1 - 69% - 60% - 6:19
2 - 31% - 40% - 2:47
PK Defense
1 - 64% - 60% - 5:48
2 - 36% - 40% - 3:18
PK3 Forward
1 - 0% - 60%
2 - 0% - 40%
PK3 Defense
1 - 0% - 60%
2 - 0% - 40%
44 Forward
1 - 76% - 60% - 1:17
2 - 24% - 40% - 0:24
44 Defense
1 - 49% - 60% - 0:49
2 - 51% - 40% - 0:52
Last Minute Offensive  - 0:00
Last Minute Defensive  - 0:52
Total
Forward - 60:00
Defense - 60:00

% Time on Ice - Devils

Lines # - Real PCT - Wanted PCT - Time Play
Normal Forward
1 - 34% - 40% - 15:30
2 - 25% - 30% - 11:24
3 - 22% - 20% - 9:58
4 - 20% - 10% - 9:11
Normal Defense
1 - 37% - 44% - 16:49
2 - 33% - 32% - 15:25
3 - 30% - 24% - 13:49
4 - 0% - 0% - 0:00
PP Forward
1 - 54% - 60% - 4:54
2 - 46% - 40% - 4:12
PP Defense
1 - 65% - 60% - 5:54
2 - 35% - 40% - 3:12
PK Forward
1 - 85% - 60% - 1:57
2 - 15% - 40% - 0:20
PK Defense
1 - 55% - 50% - 1:16
2 - 45% - 50% - 1:01
PK3 Forward
1 - 0% - 60%
2 - 0% - 40%
PK3 Defense
1 - 0% - 60%
2 - 0% - 40%
44 Forward
1 - 100% - 60% - 1:41
2 - 0% - 40% - 0:00
44 Defense
1 - 66% - 60% - 1:07
2 - 34% - 40% - 0:34
Last Minute Offensive  - 0:53
Last Minute Defensive  - 0:00
Total
Forward - 60:00
Defense - 60:00

Play-by-Play

1st period


0:01 of 1st period - Matt Duchene wins face-off versus Nazem Kadri in neutral zone.
0:10 of 1st period - Wrist shot by Viktor Arvidsson.
0:10 of 1st period - Shot Hit the Post.
0:16 of 1st period - Slapshot by Tyler Ennis.
0:16 of 1st period - Shot Misses the Net.
0:35 of 1st period - Snap shot by Jakob Silfverberg.
0:35 of 1st period - Shot Misses the Net.
0:37 of 1st period - Wrist shot by Erik Gudbranson.
0:37 of 1st period - Shot Blocked by Michael Del Zotto.
1:01 of 1st period - Slapshot by Michael Del Zotto.
1:01 of 1st period - Shot Blocked by Radko Gudas.
1:11 of 1st period - Brad Richardson is hit by Kyle Wellwood and loses puck.
1:46 of 1st period - Kristopher Letang is hit by Jonathan Sigalet and loses puck.
2:05 of 1st period - Snap shot by David Booth.
2:05 of 1st period - Shot Blocked by Anton Stralman.
2:17 of 1st period - Alex Goligoski is hit by Kristopher Letang and loses puck.
2:36 of 1st period - Anton Stralman is hit by Michael Raffl.
3:11 of 1st period - Snap shot by Marian Gaborik.
3:11 of 1st period - Stopped by Brian Elliott without a rebound.
3:12 of 1st period - Nazem Kadri wins face-off versus Matt Duchene in Panthers zone.
3:17 of 1st period - Snap shot by Marian Gaborik.
3:17 of 1st period - Stopped by Brian Elliott with a rebound.
3:21 of 1st period - Wrist shot by Marian Gaborik.
3:21 of 1st period - Stopped by Brian Elliott with a rebound.
3:23 of 1st period - Snap shot by Marian Gaborik.
3:23 of 1st period - Shot Misses the Net.
3:25 of 1st period - Snap shot by Tyler Ennis.
3:25 of 1st period - Shot Blocked by Erik Gudbranson.
3:50 of 1st period - Wrist shot by Zach Parise.
3:50 of 1st period - Shot Misses the Net.
4:00 of 1st period - Chad Larose is hit by Michael Del Zotto and loses puck.
4:28 of 1st period - Wrist shot by Tyler Ennis.
4:28 of 1st period - Shot Misses the Net.
4:30 of 1st period - Wrist shot by Nazem Kadri.
4:30 of 1st period - Shot Misses the Net.
4:47 of 1st period - Snap shot by Nick Bonino.
4:47 of 1st period - Stopped by Brian Elliott without a rebound.
4:48 of 1st period - Nazem Kadri wins face-off versus Matt Duchene in Panthers zone.
5:29 of 1st period - Jakob Silfverberg is hit by Josh Gorges and loses puck.
6:02 of 1st period - Tyler Ennis is hit by Raphael Diaz and loses puck.
6:48 of 1st period - Raphael Diaz is hit by Anton Stralman and loses puck.
6:59 of 1st period - Raphael Diaz is hit by Anton Stralman and loses puck.
7:48 of 1st period - Off-side.
7:49 of 1st period - Matt Duchene wins face-off versus Nick Bonino in neutral zone.
8:14 of 1st period - Nazem Kadri is hit by Jakob Silfverberg.
8:22 of 1st period - Snap shot by Marian Gaborik.
8:22 of 1st period - Stopped by Brian Elliott with a rebound.
8:24 of 1st period - Snap shot by Nazem Kadri.
8:24 of 1st period - Stopped by Brian Elliott with a rebound.
8:37 of 1st period - Off-side.
8:38 of 1st period - Jamie Arniel wins face-off versus Max Reinhart in neutral zone.
9:14 of 1st period - Slapshot by Alex Goligoski.
9:14 of 1st period - Deflect By Max Reinhart.
9:14 of 1st period - Shot Misses the Net.
9:14 of 1st period - Puck is out of play.
9:15 of 1st period - Marian Gaborik wins face-off versus Matt Duchene in Devils zone.
9:44 of 1st period - Snap shot by Matt Duchene.
9:44 of 1st period - Shot Misses the Net.
9:51 of 1st period - Off-side.
9:52 of 1st period - Travis Zajac wins face-off versus Jamie Arniel in neutral zone.
10:09 of 1st period - Snap shot by David Booth.
10:09 of 1st period - Shot Blocked by Anton Stralman.
10:28 of 1st period - Wrist shot by Alex Galchenyuk.
10:28 of 1st period - Shot Blocked by Kristopher Letang.
10:46 of 1st period - Thomas Hickey is hit by Kyle Wellwood and loses puck.
11:13 of 1st period - Wrist shot by Brad Richardson.
11:13 of 1st period - Stopped by Brian Elliott with a rebound.
11:29 of 1st period - Snap shot by Viktor Arvidsson.
11:29 of 1st period - Stopped by Maxime Daigneault without a rebound.
11:30 of 1st period - Matt Duchene wins face-off versus Jamie Arniel in Devils zone.
11:35 of 1st period - Wrist shot by Alex Galchenyuk.
11:35 of 1st period - Shot Blocked by Jamie Arniel.
11:37 of 1st period - Wrist shot by Erik Gudbranson.
11:37 of 1st period - Shot Blocked by Michael Del Zotto.
12:06 of 1st period - Wrist shot by Marian Gaborik.
12:06 of 1st period - Stopped by Brian Elliott with a rebound.
12:08 of 1st period - Slapshot by Josh Gorges.
12:08 of 1st period - Deflect By Marian Gaborik.
12:08 of 1st period - Stopped by Brian Elliott with a rebound.
13:00 of 1st period - Snap shot by Nick Bonino.
13:00 of 1st period - Shot Misses the Net.
13:08 of 1st period - Wrist shot by Alex Galchenyuk.
13:08 of 1st period - Stopped by Maxime Daigneault without a rebound.
13:09 of 1st period - Travis Zajac wins face-off versus Nazem Kadri in Devils zone.
13:10 of 1st period - Wrist shot by Jakob Silfverberg.
13:10 of 1st period - Stopped by Maxime Daigneault without a rebound.
13:11 of 1st period - Nazem Kadri wins face-off versus Travis Zajac in Devils zone.
14:07 of 1st period - Kyle Wellwood is hit by Matt Donovan and loses puck.
14:26 of 1st period - Wrist shot by Zach Parise.
14:26 of 1st period - Shot Blocked by Erik Gudbranson.
14:28 of 1st period - Slapshot by Zach Parise.
14:28 of 1st period - Stopped by Brian Elliott without a rebound.
14:29 of 1st period - Matt Duchene wins face-off versus Nazem Kadri in Panthers zone.
14:31 of 1st period - Minor Penalty to Raphael Diaz for Boarding.
14:32 of 1st period - Nazem Kadri wins face-off versus Max Reinhart in Panthers zone.
14:46 of 1st period - Slapshot by Marian Gaborik.
14:46 of 1st period - Shot Misses the Net.
14:48 of 1st period - Slapshot by Nazem Kadri.
14:48 of 1st period - Shot Blocked by Taylor Chorney.
15:32 of 1st period - Off-side.
15:33 of 1st period - Jamie Arniel wins face-off versus Travis Zajac in neutral zone.
16:31 of 1st period - Penalty to Raphael Diaz is over, Raphael Diaz is back on ice.
16:47 of 1st period - Wrist shot by Patrick Kaleta.
16:47 of 1st period - Shot Misses the Net.
16:49 of 1st period - Wrist shot by Brad Richards.
16:49 of 1st period - Shot Misses the Net.
17:40 of 1st period - Snap shot by Nazem Kadri.
17:40 of 1st period - Stopped by Brian Elliott with a rebound.
18:10 of 1st period - Minor Penalty to Erik Gudbranson for Hooking.
18:11 of 1st period - Nazem Kadri wins face-off versus Max Reinhart in Panthers zone.
18:16 of 1st period - Slapshot by Nazem Kadri.
18:16 of 1st period - Deflect By Tyler Ennis.
18:16 of 1st period - Shot Misses the Net.
18:16 of 1st period - Puck is out of play.
18:17 of 1st period - Nazem Kadri wins face-off versus Max Reinhart in Panthers zone.
18:51 of 1st period - Off-side.
18:52 of 1st period - Nazem Kadri wins face-off versus Max Reinhart in neutral zone.
18:55 of 1st period - Drew Stafford is hit by Nazem Kadri and loses puck.
19:00 of 1st period - Snap shot by Tyler Ennis.
19:00 of 1st period - Shot Misses the Net.
19:02 of 1st period - Wrist shot by Marian Gaborik.
19:02 of 1st period - Goal by Marian Gaborik - Panthers : 0 - Devils : 1.
19:03 of 1st period - Nazem Kadri wins face-off versus Matt Duchene in neutral zone.
19:05 of 1st period - Off-side.
19:06 of 1st period - Matt Duchene wins face-off versus Nazem Kadri in neutral zone.
19:37 of 1st period - Wrist shot by David Booth.
19:37 of 1st period - Shot Misses the Net.
Goals for this period are 0 for Panthers vs 1 for Devils.
Shots for this period are 3 for Panthers vs 12 for Devils.

2nd period


0:01 of 2nd period - Matt Duchene wins face-off versus Nazem Kadri in neutral zone.
0:26 of 2nd period - Anton Stralman is hit by Erik Gudbranson.
0:34 of 2nd period - Snap shot by David Booth.
0:34 of 2nd period - Stopped by Maxime Daigneault without a rebound.
0:35 of 2nd period - Matt Duchene wins face-off versus Nazem Kadri in Devils zone.
1:22 of 2nd period - Wrist shot by Drew Stafford.
1:22 of 2nd period - Shot Misses the Net.
1:24 of 2nd period - Slapshot by Taylor Chorney.
1:24 of 2nd period - Stopped by Maxime Daigneault without a rebound.
1:25 of 2nd period - Max Reinhart wins face-off versus Brad Richards in Devils zone.
1:26 of 2nd period - Snap shot by Drew Stafford.
1:26 of 2nd period - Stopped by Maxime Daigneault with a rebound.
1:28 of 2nd period - Slapshot by Erik Gudbranson.
1:28 of 2nd period - Shot Misses the Net.
1:30 of 2nd period - Slapshot by Alex Goligoski.
1:30 of 2nd period - Stopped by Maxime Daigneault without a rebound.
1:31 of 2nd period - Matt Duchene wins face-off versus Nazem Kadri in Devils zone.
1:40 of 2nd period - Wrist shot by Marian Gaborik.
1:40 of 2nd period - Stopped by Brian Elliott with a rebound.
2:27 of 2nd period - Snap shot by Drew Stafford.
2:27 of 2nd period - Shot Misses the Net.
2:49 of 2nd period - Snap shot by Stefan Ruzicka.
2:49 of 2nd period - Shot Misses the Net.
3:09 of 2nd period - Wrist shot by Marian Gaborik.
3:09 of 2nd period - Shot Misses the Net.
4:18 of 2nd period - Snap shot by Alex Galchenyuk.
4:18 of 2nd period - Stopped by Maxime Daigneault without a rebound.
4:19 of 2nd period - Travis Zajac wins face-off versus Nazem Kadri in Devils zone.
4:20 of 2nd period - Slapshot by Jakob Silfverberg.
4:20 of 2nd period - Stopped by Maxime Daigneault with a rebound.
4:51 of 2nd period - Matt Duchene is hit by Zach Parise and loses puck.
4:56 of 2nd period - Wrist shot by Chris Stewart.
4:56 of 2nd period - Shot Misses the Net.
5:13 of 2nd period - Thomas Hickey is hit by Chad Larose and loses puck.
5:18 of 2nd period - Snap shot by Drew Stafford.
5:18 of 2nd period - Shot Misses the Net.
5:51 of 2nd period - Snap shot by Jakob Silfverberg.
5:51 of 2nd period - Shot Blocked by Brad Richardson.
5:53 of 2nd period - Snap shot by Jakob Silfverberg.
5:53 of 2nd period - Deflect By David Booth.
5:53 of 2nd period - Shot Blocked by Kristopher Letang.
5:53 of 2nd period - Puck is out of play.
5:54 of 2nd period - Jamie Arniel wins face-off versus Travis Zajac in Devils zone.
5:59 of 2nd period - Alex Goligoski is hit by Chris Stewart and loses puck.
6:18 of 2nd period - Wrist shot by Travis Zajac.
6:18 of 2nd period - Goal by Travis Zajac - Panthers : 1 - Devils : 1.
6:19 of 2nd period - Nazem Kadri wins face-off versus Matt Duchene in neutral zone.
6:23 of 2nd period - Minor Penalty to Alex Galchenyuk for Hooking.
6:24 of 2nd period - Max Reinhart wins face-off versus Nazem Kadri in Panthers zone.
8:23 of 2nd period - Penalty to Alex Galchenyuk is over, Alex Galchenyuk is back on ice.
8:25 of 2nd period - Marian Gaborik is hit by Radko Gudas and loses puck.
8:46 of 2nd period - Alex Goligoski is hit by Brad Richards and loses puck.
9:09 of 2nd period - Slapshot by Kyle Wellwood.
9:09 of 2nd period - Stopped by Maxime Daigneault without a rebound.
9:10 of 2nd period - Matt Duchene wins face-off versus Brad Richards in Devils zone.
9:11 of 2nd period - Wrist shot by Alex Galchenyuk.
9:11 of 2nd period - Stopped by Maxime Daigneault with a rebound.
9:25 of 2nd period - Snap shot by Martin Samuelsson.
9:25 of 2nd period - Shot Blocked by Viktor Arvidsson.
9:40 of 2nd period - Viktor Arvidsson is hit by Brad Richardson and loses puck.
10:09 of 2nd period - Icing by Alex Goligoski.
10:10 of 2nd period - Travis Zajac wins face-off versus Marian Gaborik in Panthers zone.
10:40 of 2nd period - Off-side.
10:41 of 2nd period - Jamie Arniel wins face-off versus Max Reinhart in neutral zone.
10:48 of 2nd period - Wrist shot by Chris Stewart.
10:48 of 2nd period - Stopped by Brian Elliott without a rebound.
10:49 of 2nd period - Matt Duchene wins face-off versus Nazem Kadri in Panthers zone.
10:58 of 2nd period - Snap shot by Marian Gaborik.
10:58 of 2nd period - Shot Misses the Net.
11:00 of 2nd period - Minor Penalty to Viktor Arvidsson for Interference.
11:01 of 2nd period - Nazem Kadri wins face-off versus Max Reinhart in Panthers zone.
11:14 of 2nd period - Snap shot by Nazem Kadri.
11:14 of 2nd period - Stopped by Brian Elliott with a rebound.
11:16 of 2nd period - Slapshot by Anton Stralman.
11:16 of 2nd period - Shot Blocked by Drew Stafford.
11:18 of 2nd period - Slapshot by Anton Stralman.
11:18 of 2nd period - Stopped by Brian Elliott with a rebound.
11:37 of 2nd period - Wrist shot by Josh Gorges.
11:37 of 2nd period - Deflect By Jamie Arniel.
11:37 of 2nd period - Shot Misses the Net.
11:37 of 2nd period - Puck is out of play.
11:38 of 2nd period - Nazem Kadri wins face-off versus Max Reinhart in Panthers zone.
11:49 of 2nd period - Slapshot by Tyler Ennis.
11:49 of 2nd period - Shot Misses the Net.
12:05 of 2nd period - Kristopher Letang is hit by Radko Gudas and loses puck.
12:16 of 2nd period - Wrist shot by Kristopher Letang.
12:16 of 2nd period - Stopped by Brian Elliott with a rebound.
12:42 of 2nd period - Wrist shot by Zach Parise.
12:42 of 2nd period - Shot Misses the Net.
13:00 of 2nd period - Penalty to Viktor Arvidsson is over, Viktor Arvidsson is back on ice.
13:08 of 2nd period - Matt Duchene is hit by Anton Stralman and loses puck.
14:29 of 2nd period - Erik Gudbranson is hit by Matt Donovan and loses puck.
14:52 of 2nd period - Slapshot by Kyle Wellwood.
14:52 of 2nd period - Shot Blocked by Thomas Hickey.
14:54 of 2nd period - Snap shot by Erik Gudbranson.
14:54 of 2nd period - Deflect By Kyle Wellwood.
14:54 of 2nd period - Deflect By Matt Donovan.
14:54 of 2nd period - Shot Misses the Net.
14:54 of 2nd period - Puck is out of play.
14:55 of 2nd period - Nazem Kadri wins face-off versus Kyle Wellwood in Devils zone.
16:02 of 2nd period - Snap shot by Thomas Hickey.
16:02 of 2nd period - Shot Blocked by David Booth.
16:04 of 2nd period - Minor Penalty to David Booth for Tripping.
16:05 of 2nd period - Max Reinhart wins face-off versus Marian Gaborik in Panthers zone.
16:10 of 2nd period - Slapshot by Taylor Chorney.
16:10 of 2nd period - Stopped by Maxime Daigneault with a rebound.
16:12 of 2nd period - Snap shot by Max Reinhart.
16:12 of 2nd period - Shot Misses the Net.
16:14 of 2nd period - Slapshot by Erik Gudbranson.
16:14 of 2nd period - Stopped by Maxime Daigneault with a rebound.
16:16 of 2nd period - Slapshot by Drew Stafford.
16:16 of 2nd period - Shot Misses the Net.
16:18 of 2nd period - Wrist shot by Drew Stafford.
16:18 of 2nd period - Stopped by Maxime Daigneault with a rebound.
16:20 of 2nd period - Wrist shot by Drew Stafford.
16:20 of 2nd period - Stopped by Maxime Daigneault with a rebound.
16:22 of 2nd period - Wrist shot by Erik Gudbranson.
16:22 of 2nd period - Shot Misses the Net.
16:43 of 2nd period - Slapshot by Anton Stralman.
16:43 of 2nd period - Shot Blocked by Alex Goligoski.
18:04 of 2nd period - Penalty to David Booth is over, David Booth is back on ice.
18:29 of 2nd period - Matt Donovan is hit by Michael Raffl and loses puck.
18:58 of 2nd period - Snap shot by Viktor Arvidsson.
18:58 of 2nd period - Deflect By Alex Galchenyuk.
18:58 of 2nd period - Shot Misses the Net.
18:58 of 2nd period - Puck is out of play.
18:59 of 2nd period - Travis Zajac wins face-off versus Jamie Arniel in Devils zone.
19:35 of 2nd period - Wrist shot by Marian Gaborik.
19:35 of 2nd period - Shot Blocked by Raphael Diaz.
19:51 of 2nd period - Backhand shot by Alex Galchenyuk.
19:51 of 2nd period - Shot Misses the Net.
19:53 of 2nd period - Slapshot by Viktor Arvidsson.
19:53 of 2nd period - Deflect By Matt Duchene.
19:53 of 2nd period - Shot Blocked by Michael Del Zotto.
19:53 of 2nd period - Puck is out of play.
19:54 of 2nd period - Matt Duchene wins face-off versus Nazem Kadri in Devils zone.
Goals for this period are 1 for Panthers vs 0 for Devils.
Shots for this period are 13 for Panthers vs 5 for Devils.

3rd period


0:01 of 3rd period - Nazem Kadri wins face-off versus Matt Duchene in neutral zone.
0:11 of 3rd period - Minor Penalty to Nazem Kadri for Interference.
0:12 of 3rd period - Matt Duchene wins face-off versus Martin Samuelsson in Devils zone.
0:29 of 3rd period - Minor Penalty to Jakob Silfverberg for Roughing.
0:30 of 3rd period - Brad Richards wins face-off versus Matt Duchene in Panthers zone.
0:34 of 3rd period - Snap shot by Tyler Ennis.
0:34 of 3rd period - Stopped by Brian Elliott with a rebound.
0:45 of 3rd period - Snap shot by Alex Galchenyuk.
0:45 of 3rd period - Stopped by Maxime Daigneault with a rebound.
0:47 of 3rd period - Slapshot by Matt Duchene.
0:47 of 3rd period - Goal by Matt Duchene - Panthers : 2 - Devils : 1.
0:48 of 3rd period - Matt Duchene wins face-off versus Brad Richards in neutral zone.
0:51 of 3rd period - Tyler Ennis is hit by Alex Goligoski and loses puck.
1:04 of 3rd period - Matt Duchene is hit by Anton Stralman and loses puck.
2:11 of 3rd period - Penalty to Nazem Kadri is over, Nazem Kadri is back on ice.
2:19 of 3rd period - Nazem Kadri is hit by Erik Gudbranson and loses puck.
2:29 of 3rd period - Penalty to Jakob Silfverberg is over, Jakob Silfverberg is back on ice.
2:30 of 3rd period - Anton Stralman is hit by Alex Goligoski and loses puck.
2:53 of 3rd period - Jakob Silfverberg is hit by Anton Stralman and loses puck.
3:12 of 3rd period - Snap shot by Alex Goligoski.
3:12 of 3rd period - Stopped by Maxime Daigneault without a rebound.
3:13 of 3rd period - Jamie Arniel wins face-off versus Matt Duchene in Devils zone.
3:26 of 3rd period - Backhand shot by Jamie Arniel.
3:26 of 3rd period - Goal by Jamie Arniel - Panthers : 2 - Devils : 2.
3:27 of 3rd period - Matt Duchene wins face-off versus Jamie Arniel in neutral zone.
3:37 of 3rd period - Off-side.
3:38 of 3rd period - Nazem Kadri wins face-off versus Matt Duchene in neutral zone.
3:41 of 3rd period - Slapshot by Michael Del Zotto.
3:41 of 3rd period - Stopped by Brian Elliott without a rebound.
3:42 of 3rd period - Viktor Arvidsson wins face-off versus Nazem Kadri in Panthers zone.
4:57 of 3rd period - Slapshot by Viktor Arvidsson.
4:57 of 3rd period - Shot Misses the Net.
5:35 of 3rd period - Raphael Diaz is hit by Zach Parise and loses puck.
6:00 of 3rd period - Wrist shot by Brad Richards.
6:00 of 3rd period - Shot Misses the Net.
6:14 of 3rd period - Wrist shot by Nick Bonino.
6:14 of 3rd period - Stopped by Brian Elliott without a rebound.
6:15 of 3rd period - Matt Duchene wins face-off versus Nick Bonino in Panthers zone.
6:42 of 3rd period - Snap shot by Eric Tangradi.
6:42 of 3rd period - Stopped by Brian Elliott with a rebound.
7:22 of 3rd period - Wrist shot by Eric Tangradi.
7:22 of 3rd period - Shot Blocked by Taylor Chorney.
8:00 of 3rd period - Wrist shot by Viktor Arvidsson.
8:00 of 3rd period - Stopped by Maxime Daigneault with a rebound.
8:02 of 3rd period - Wrist shot by Viktor Arvidsson.
8:02 of 3rd period - Stopped by Maxime Daigneault with a rebound.
8:04 of 3rd period - Wrist shot by Taylor Chorney.
8:04 of 3rd period - Shot Misses the Net.
8:06 of 3rd period - Slapshot by Taylor Chorney.
8:06 of 3rd period - Shot Misses the Net.
8:08 of 3rd period - Wrist shot by Alex Galchenyuk.
8:08 of 3rd period - Shot Blocked by Thomas Hickey.
8:10 of 3rd period - Wrist shot by Matt Duchene.
8:10 of 3rd period - Stopped by Maxime Daigneault with a rebound.
8:12 of 3rd period - Slapshot by Taylor Chorney.
8:12 of 3rd period - Deflect By Alex Galchenyuk.
8:12 of 3rd period - Shot Blocked by Matt Donovan.
8:12 of 3rd period - Puck is out of play.
8:13 of 3rd period - Nazem Kadri wins face-off versus Travis Zajac in Devils zone.
8:15 of 3rd period - Minor Penalty to Nazem Kadri for Holding Stick.
8:16 of 3rd period - Travis Zajac wins face-off versus Martin Samuelsson in Devils zone.
8:20 of 3rd period - Snap shot by David Booth.
8:20 of 3rd period - Shot Blocked by Michael Del Zotto.
8:22 of 3rd period - Slapshot by Alex Goligoski.
8:22 of 3rd period - Stopped by Maxime Daigneault with a rebound.
8:24 of 3rd period - Snap shot by Travis Zajac.
8:24 of 3rd period - Shot Misses the Net.
8:26 of 3rd period - Snap shot by Travis Zajac.
8:26 of 3rd period - Shot Blocked by Josh Gorges.
8:43 of 3rd period - Icing by David Booth.
8:44 of 3rd period - Travis Zajac wins face-off versus Martin Samuelsson in Panthers zone.
9:19 of 3rd period - Jamie Arniel is hit by Raphael Diaz and loses puck.
10:15 of 3rd period - Penalty to Nazem Kadri is over, Nazem Kadri is back on ice.
11:03 of 3rd period - Raphael Diaz is hit by Brad Richardson and loses puck.
11:48 of 3rd period - Snap shot by Nick Bonino.
11:48 of 3rd period - Stopped by Brian Elliott with a rebound.
12:34 of 3rd period - Wrist shot by Drew Stafford.
12:34 of 3rd period - Stopped by Maxime Daigneault with a rebound.
12:36 of 3rd period - Slapshot by Jonathan Sigalet.
12:36 of 3rd period - Deflect By Chad Larose.
12:36 of 3rd period - Shot Blocked by Thomas Hickey.
12:36 of 3rd period - Puck is out of play.
12:37 of 3rd period - Chad Larose wins face-off versus Jamie Arniel in Devils zone.
13:34 of 3rd period - Slapshot by Alex Goligoski.
13:34 of 3rd period - Shot Misses the Net.
14:37 of 3rd period - Slapshot by Travis Zajac.
14:37 of 3rd period - Shot Blocked by Brad Richards.
14:47 of 3rd period - Wrist shot by Marian Gaborik.
14:47 of 3rd period - Stopped by Brian Elliott without a rebound.
14:48 of 3rd period - Matt Duchene wins face-off versus Nazem Kadri in Panthers zone.
15:07 of 3rd period - Snap shot by Viktor Arvidsson.
15:07 of 3rd period - Shot Misses the Net.
15:15 of 3rd period - Tyler Ennis is hit by Alex Galchenyuk and loses puck.
15:48 of 3rd period - Snap shot by Nazem Kadri.
15:48 of 3rd period - Stopped by Brian Elliott with a rebound.
15:53 of 3rd period - Off-side.
15:54 of 3rd period - Brad Richards wins face-off versus Max Reinhart in neutral zone.
16:05 of 3rd period - Snap shot by Patrick Kaleta.
16:05 of 3rd period - Stopped by Brian Elliott with a rebound.
16:09 of 3rd period - Snap shot by Patrick Kaleta.
16:09 of 3rd period - Stopped by Brian Elliott without a rebound.
16:10 of 3rd period - Jamie Arniel wins face-off versus Travis Zajac in Panthers zone.
16:22 of 3rd period - Snap shot by Jakob Silfverberg.
16:22 of 3rd period - Shot Blocked by Anton Stralman.
16:24 of 3rd period - Snap shot by Erik Gudbranson.
16:24 of 3rd period - Stopped by Maxime Daigneault without a rebound.
16:25 of 3rd period - Max Reinhart wins face-off versus Patrick Kaleta in Devils zone.
16:28 of 3rd period - Backhand shot by Erik Gudbranson.
16:28 of 3rd period - Deflect By Chad Larose.
16:28 of 3rd period - Stopped by Maxime Daigneault with a rebound.
16:30 of 3rd period - Slapshot by Max Reinhart.
16:30 of 3rd period - Goal by Max Reinhart - Panthers : 3 - Devils : 2.
16:31 of 3rd period - Max Reinhart wins face-off versus Brad Richards in neutral zone.
16:44 of 3rd period - Brad Richards is hit by Chad Larose and loses puck.
17:01 of 3rd period - Off-side.
17:02 of 3rd period - Matt Duchene wins face-off versus Nazem Kadri in neutral zone.
17:05 of 3rd period - Snap shot by Matt Duchene.
17:05 of 3rd period - Shot Misses the Net.
17:07 of 3rd period - Slapshot by Radko Gudas.
17:07 of 3rd period - Deflect By Tyler Ennis.
17:07 of 3rd period - Stopped by Maxime Daigneault with a rebound.
17:09 of 3rd period - Slapshot by Viktor Arvidsson.
17:09 of 3rd period - Stopped by Maxime Daigneault without a rebound.
17:10 of 3rd period - Brad Richards wins face-off versus Matt Duchene in Devils zone.
17:17 of 3rd period - Slapshot by Taylor Chorney.
17:17 of 3rd period - Stopped by Maxime Daigneault with a rebound.
17:19 of 3rd period - Slapshot by Radko Gudas.
17:19 of 3rd period - Shot Hit the Post.
17:43 of 3rd period - Slapshot by Radko Gudas.
17:43 of 3rd period - Stopped by Maxime Daigneault without a rebound.
17:44 of 3rd period - Nazem Kadri wins face-off versus Max Reinhart in Devils zone.
17:59 of 3rd period - Snap shot by Max Reinhart.
17:59 of 3rd period - Shot Blocked by Kristopher Letang.
18:38 of 3rd period - Slapshot by Chris Stewart.
18:38 of 3rd period - Stopped by Brian Elliott with a rebound.
18:40 of 3rd period - Devils, Maxime Daigneault is pulled from the net.
18:40 of 3rd period - Backhand shot by Jamie Arniel.
18:40 of 3rd period - Shot Hit the Post.
18:42 of 3rd period - Slapshot by Josh Gorges.
18:42 of 3rd period - Stopped by Brian Elliott without a rebound.
18:43 of 3rd period - Nazem Kadri wins face-off versus Max Reinhart in Panthers zone.
19:02 of 3rd period - Chad Larose is hit by Marian Gaborik and loses puck.
19:13 of 3rd period - Kristopher Letang is hit by David Booth and loses puck.
Goals for this period are 2 for Panthers vs 1 for Devils.
Shots for this period are 15 for Panthers vs 12 for Devils.